Match 45412269
Unlisted

Match 45412269
End
Selects Airborne Battlegroup
Selects Heavy Machine Gun Paradrop
Heavy Machine Gun Paradrop
Construct Weapon Support Center
Engineer Squad
Bazooka Squad
Heavy Machine Gun Paradrop
Bazooka Squad
Selects Paratrooper Squad Paradrop
Paratrooper Squad Paradrop
Mechanized Support Center
Construct Tank Depot
Paratrooper Squad Paradrop
Selects Anti-tank Gun Team Paradrop
Anti-tank Gun Team Paradrop
M4A1 Sherman Medium Tank
Improvised Armor
AI Takeover
alphaelf
Razier
Ambro
Vaggelaras
FoolishNinja
Punzler
대포동미사일
vincent
0
0

Comments sign in to comment!

No comments posted yet!